 Dungeon Crawl Stone Soup version 0.25.0-10-g039870ee82 (webtiles) character file.

Game seed: 5801690205244094020

88 Lepercus the Shield-Bearer (level 4, -4/36 HPs)
             Began as a Human Fighter on June 23, 2020.
             Slain by a goblin
             ... wielding a +0 club
             ... led by Robin
              (7 damage)
             ... on level 2 of the Dungeon.
             The game lasted 00:08:54 (1173 turns).

Lepercus the Shield-Bearer (Human Fighter)          Turns: 1173, Time: 00:08:54

Health: -4/36      AC:  6    Str: 17    XL:     4   Next: 82%
Magic:  4/4        EV:  7    Int:  8    God:
Gold:   150        SH: 10    Dex: 13    Spells: 3/3 levels left

rFire    . . .     SeeInvis .   a - +0 long sword
rCold    . . .     Gourm    .   c - +1 kite shield
rNeg     . . .     Faith    .   b - +0 scale mail
rPois    .         Spirit   .   (no helmet)
rElec    .         Reflect  .   (no cloak)
rCorr    .         Harm     .   (no gloves)
MR       .....                  (no boots)
Stlth    ..........             (no amulet)
HPRegen  0.12/turn              g - ring of flight
MPRegen  0.09/turn              (no ring)

@: mighty, lethally poisoned (-4 -> -6)
A: no striking features
a: Evoke Flight


You were on level 2 of the Dungeon.
You were not hungry.

You visited 1 branch of the dungeon, and saw 2 of its levels.

You collected 150 gold pieces.

Inventory:

Hand Weapons
 a - a +0 long sword (weapon)
Armour
 b - a +0 scale mail (worn)
 c - a +1 kite shield (worn)
 e - a +0 ring mail
 o - a +0 kite shield
Jewellery
 g - a ring of flight (left hand)
Scrolls
 h - a scroll of identify
 i - a scroll of teleportation {unknown}
 j - a scroll of magic mapping
 p - a scroll of random uselessness {unknown}
Potions
 k - 3 potions of heal wounds {unknown}
 l - a potion of stabbing {unknown}
 n - a potion of curing {unknown}
Comestibles
 f - 2 rations
 m - 11 chunks of flesh


   Skills:
 + Level 3.6 Fighting
 + Level 2.8 Long Blades
 + Level 3.6 Armour
 + Level 3.6 Shields


You had 3 spell levels left.
You didn't know any spells.
Your spell library was empty.

Dungeon Overview and Level Annotations

Branches:
Dungeon (2/15)

Altars:

Annotations:
D:2 Robin


Message History

The goblin barely misses you. The goblin hits you.
You slash the goblin!
You kill the goblin!
The goblin hits you but does no damage. You block the adder's attack.
Robin roars a battlecry!
The goblins go into a battle-frenzy!
You block the hobgoblin's attack. The goblin hits you.
The goblin hits you but does no damage. The adder bites you.
* * * LOW HITPOINT WARNING * * *
You are poisoned.
The adder poisons you!
You closely miss the goblin.
You feel sick. The adder barely misses you.
You riposte.
You closely miss the adder. You block the goblin's attack.
The hobgoblin hits you but does no damage.
The goblin hits you but does no damage.
You barely miss the goblin. The adder bites you but does no damage.
You block the goblin's attack. The hobgoblin hits you with a +0 club.
* * * LOW HITPOINT WARNING * * *
The goblin hits you with a +0 club!
You die...

...## #### #...#
#..# +...+ #..#
#...# ####'#####...#
##+# #..'.....#...#
....+
#..#.....#.gg#g....#
####....†'.g@Sgg...#
#..#.....#..†#gg...#
#..'.....#...# ....+
####'#####...#####+#
#..#..#...#..#
#..#.÷'...†..#
#######...####
#.##.##.#
###.......#


You could see Robin, an adder, a hobgoblin (strong) and 6 goblins.

Vanquished Creatures
  4 adders (D:2)
  A dart slug (D:1)
  4 ball pythons (D:2)
  4 giant cockroaches
  6 goblins
  5 hobgoblins
  3 jackals (D:1)
  4 bats
  5 frilled lizards
  6 kobolds
  9 rats
51 creatures vanquished.

Notes
Turn   | Place    | Note
-------+----------+-------------------------------------------
     0 | D:1      | Lepercus the Human Fighter began the quest for the Orb.
     0 | D:1      | Reached XP level 1. HP: 18/18 MP: 1/1
    91 | D:1      | Reached XP level 2. HP: 24/24 MP: 2/2
   206 | D:1      | HP: 1/24 [frilled lizard (2)]
   207 | D:1      | Reached XP level 3. HP: 2/29 MP: 3/3
   972 | D:2      | Reached XP level 4. HP: 19/35 MP: 4/4
  1167 | D:2      | Noticed Robin
  1173 | D:2      | Slain by a goblin

Illustrated notes

Levels and vault maps discovered:
D:1:      dpeg_arrival_ratfight, layout_rooms,
          wander_ebering_terrifying_dragon_lair
D:2:      layout_loops_cross, marbit_many_paths, serial_bayou_pond_d,
          minmay_snake_closets, uniq_robin, uniq_crazy_yiuf_cottage

Action                   |  1- 3 |  4- 6 || total
-------------------------+-------+-------++-------
Melee: Long sword        |   118 |    45 ||   163
  Use: Scroll            |     3 |       ||     3
       Potion            |       |     1 ||     1
  Eat: Chunk             |       |     1 ||     1
Armor: Scale mail        |   101 |    25 ||   126
Dodge: Dodged            |    44 |    13 ||    57
Block: Kite shield       |    93 |    39 ||   132
       Rpst.: Long sword |    17 |     1 ||    18
